 Dungeon Crawl Stone Soup version 0.30.1 (webtiles) character file.

Game seed: 16517448287396487398

10 boopmooplesden the Twirler (level 2, -1/22 HPs)
             Began as a Demonspawn Gladiator on July 10, 2023.
             Killed from afar by a dart slug (5 damage)
             ... with a slug dart
             ... on level 1 of the Dungeon.
             The game lasted 00:00:15 (127 turns).

boopmooplesden the Twirler (Demonspawn Gladiator)    Turns: 127, Time: 00:00:15

Health: -1/22      AC:  3    Str: 14    XL:     2   Next: 10%
Magic:  2/2        EV: 12    Int:  9    God:
Gold:   9          SH:  0    Dex: 14    Spells: 1/1 levels left

rFire   . . .        a - +0 quarterstaff
rCold   . . .        (shield currently unavailable)
rNeg    . . .        b - +0 leather armour
rPois   .            (helmet restricted)
rElec   .            (no cloak)
rCorr   .            (no gloves)
SInv    .            (no boots)
Will    .....        (no amulet)
Stlth   +            (no ring)
HPRegen 0.23/turn    (no ring)
MPRegen 0.08/turn

%: no passive effects
@: no status effects
A: horns 1
a: no special abilities


You were on level 1 of the Dungeon.
You visited 1 branch of the dungeon, and saw 1 of its levels.

You collected 9 gold pieces.

Inventory:

Hand Weapons
 a - a +0 quarterstaff (weapon)
Missiles
 d - 3 throwing nets (quivered)
 e - a javelin
Armour
 b - a +0 leather armour (worn)
 c - a +0 helmet
Potions
 f - a potion of degeneration {unknown}


   Skills:
 + Level 2.1 Fighting
 + Level 3.0 Staves
 + Level 1.9 Throwing
 + Level 2.8 Dodging


You had one spell level left.
You didn't know any spells.
Your spell library was empty.

Dungeon Overview and Level Annotations

Branches:
Dungeon (1/15)

Altars:


Innate Abilities, Weirdness & Mutations

You have a pair of small horns on your head.


Message History

You kill the endoplasm!
The endoplasm freezes you.
You are frozen.
You have reached level 2!
Your demonic ancestry asserts itself...
A pair of horns grows on your head!
Your +0 helmet falls away!
You hit the endoplasm. You headbutt the endoplasm.
The endoplasm is almost dead.
The endoplasm freezes you.
You are frozen.
You sock the endoplasm!
You kill the endoplasm!
Your Staves skill increases to level 3!
A dart slug comes into view.
A ball python comes into view.
The ball python hisses angrily.
There are monsters nearby!
The dart slug launches a dart at you. The slug dart hits you.
* * * LOW HITPOINT WARNING * * *
You hit the ball python.
You headbutt the ball python, but do no damage.
The ball python is moderately wounded.
The ball python misses you. The ball python closely misses you.
You completely miss the ball python.
The ball python is moderately wounded.
The ball python bites you.
* * * LOW HITPOINT WARNING * * *
The ball python grabs you. The ball python constricts you.
The dart slug launches a dart at you. The slug dart misses you.
The ball python bites you but does no damage.
The ball python constricts you.
* * * LOW HITPOINT WARNING * * *
You sock the ball python!
You kill the ball python!
The dart slug launches a dart at you. The slug dart hits you.
You die...

≈≈.≈≈###.#..#
#..♣P.# #.
#≈.≈##......#
#...♣.# +. #P.
#...#^..#
#.♣...# ##
##.##.......#
#.P...#
#..........#
#.....#
#####......#
#.#..## #......#
###..#
####....#>######
#.......@†......
#.....#.........
#.....#.........
#.....#..w......
#.$...#.........
#.....#.........
#######.........
#########.


You could see a dart slug.

Vanquished Creatures
  A dart slug (D:1)
  A ball python (D:1)
  2 endoplasms (D:1)
  A goblin (D:1)
  A quokka (D:1)
  2 kobolds (D:1)
  A rat (D:1)
9 creatures vanquished.

Notes
Turn   | Place    | Note
-------+----------+-------------------------------------------
     0 | D:1      | boopmooplesden the Demonspawn Gladiator began the quest for
                  | the Orb.
     0 | D:1      | Reached XP level 1. HP: 16/16 MP: 1/1
   119 | D:1      | Gained mutation: You have a pair of small horns on your
                  | head. [demonic ancestry]
   119 | D:1      | Reached XP level 2. HP: 10/22 MP: 2/2
   121 | D:1      | Reached skill level 3 in Staves
   127 | D:1      | Killed from afar by a dart slug

Illustrated notes

Levels and vault maps discovered:
D:1:      denvon_arrival_planthouse, layout_basic, dreamdust_princess_bridge,
          minmay_misc_feat_rugged

Skill      XL: |  1  2 |
---------------+-------+-----
Staves         | 3 |  3.0
Fighting       | |  2.1
Throwing       | |  1.9
Dodging        | |  2.8

Action                     || total
---------------------------++-------
  Melee: Quarterstaff      ||    17
         Headbutt          ||     2
 Armour: Leather armour    ||     5
  Dodge: Dodged            ||    10
